MLB
ST. LOUIS CARDINALS @ CHICAGO CUBS
04/12/2044
 
TOP OF THE 1ST
St. Louis Cardinals batting - Pitching for Chicago Cubs : RHP Chris Ray
Pitching: RHP Chris Ray
Batting: LHB Tommy Luce 0-0: SINGLE (Line Drive, 34D, EV 101.9 MPH)
Batting: RHB Tenshou Takita 0-0: Ball
1-0: Ball
2-0: Called Strike
2-1: Ball
3-1: Swinging Strike
3-2: DOUBLE (Flyball, 8LXD, EV 107.5 MPH)
Tommy Luce to third
Tommy Luce scores
Batting: SHB Antoine Roux 0-0: Called Strike
0-1: Ball
1-1: Called Strike
1-2: Ball
2-2: Foul Ball, location: 2F
2-2: Ball
3-2: Foul Ball, location: 2F
3-2: Base on Balls
Batting: LHB Alex Vargas 0-0: Fly out, F9 (Flyball, 8RS, EV 95.6 MPH)
Batting: LHB John Blair 0-0: Swinging Strike
0-1: 3-RUN HOME RUN (Flyball, 9D, EV 100.6 MPH), Distance : 385 ft
Batting: LHB Ben Rubenacker 0-0: Ball
1-0: SINGLE (Groundball, 6MD, EV 98.8 MPH)
Batting: RHB Branden Cavalcante 0-0: Foul Ball, location: 2F
0-1: Swinging Strike
0-2: Fly out, F8 (Flyball, 8RXD, EV 84.4 MPH)
Batting: RHB Rick O'Reilly 0-0: Ball
1-0: Ball
2-0: 2-RUN HOME RUN (Flyball, 9LD, EV 96.9 MPH), Distance : 384 ft
Batting: RHB Dustin Clark 0-0: Ball
1-0: Called Strike
1-1: Foul Ball, location: 2F
1-2: Foul Ball, location: 2F
1-2: Strikes out looking
Top of the 1st over - 6 runs, 5 hits, 0 errors, 0 left on base; St. Louis 6 - Chicago 0
BOTTOM OF THE 1ST
Chicago Cubs batting - Pitching for St. Louis Cardinals : LHP Nick Martin
Pitching: LHP Nick Martin
Batting: RHB Yasuhide Kasahara 0-0: Called Strike
0-1: Ball
1-1: Ground out 6-3 (Groundball, 6, EV 96.9 MPH)
Batting: LHB Kevin Norton 0-0: Ball
1-0: Ball
2-0: Foul Ball, location: 2F
2-1: Ball
3-1: Called Strike
3-2: Strikes out swinging
Batting: RHB Efrain Vargas 0-0: Fly out, F3 (Line Drive, 3, EV 65.6 MPH)
Bottom of the 1st over - 0 runs, 0 hits, 0 errors, 0 left on base; St. Louis 6 - Chicago 0
TOP OF THE 2ND
St. Louis Cardinals batting - Pitching for Chicago Cubs : RHP Chris Ray
Batting: LHB Tommy Luce 0-0: Swinging Strike
0-1: Swinging Strike
0-2: Ball
1-2: SOLO HOME RUN (Flyball, 9D, EV 98.1 MPH), Distance : 384 ft
Pitching: RHP Gabe Wagner
Batting: RHB Tenshou Takita 0-0: Swinging Strike
0-1: Ball
1-1: SINGLE (Line Drive, 89M, EV 111.9 MPH)
Batting: SHB Antoine Roux 0-0: Called Strike
0-1: Called Strike
0-2: Foul Ball, location: 2F
0-2: Ball
1-2: DOUBLE (Groundball, 3L, EV 109.4 MPH)
Tenshou Takita to third
Batting: LHB Alex Vargas 0-0: Called Strike
0-1: Ball
1-1: Ball
2-1: Fly out, F3 (Line Drive, 3, EV 68.1 MPH)
Batting: LHB John Blair 0-0: Ground out 4-3 (Groundball, 4M, EV 104.4 MPH)
Tenshou Takita scores
Antoine Roux to third
Batting: LHB Ben Rubenacker 0-0: Ball
1-0: Ball
2-0: SINGLE (Groundball, 34D, EV 103.1 MPH)
Antoine Roux scores
Batting: RHB Branden Cavalcante 0-0: Ball
1-0: Called Strike
1-1: Swinging Strike
1-2: Foul Ball, location: 2F
1-2: Foul Ball, location: 2F
1-2: Fly out, F8 (Line Drive, 8LD, EV 92.5 MPH)
Top of the 2nd over - 3 runs, 4 hits, 0 errors, 1 left on base; St. Louis 9 - Chicago 0
BOTTOM OF THE 2ND
Chicago Cubs batting - Pitching for St. Louis Cardinals : LHP Nick Martin
Batting: SHB Terry Tuckfard 0-0: Called Strike
0-1: Swinging Strike
0-2: Foul Ball, location: 2F
0-2: Ball
1-2: Ground out 6-3 (Groundball, 6, EV 91.3 MPH)
Batting: RHB Josh Kalman 0-0: Called Strike
0-1: Swinging Strike
0-2: Ball
1-2: Foul Ball, location: 2F
1-2: SOLO HOME RUN (Line Drive, 9D, EV 98.8 MPH), Distance : 414 ft
Batting: RHB Kaeo Zirpoli 0-0: Ball
1-0: Called Strike
1-1: Called Strike
1-2: Ball
2-2: Ball
3-2: Ground out 6-3 (Groundball, 6S, EV 87.5 MPH)
Batting: RHB Will Leslie 0-0: Called Strike
0-1: Swinging Strike
0-2: Ball
1-2: Ball
2-2: Ball
3-2: Fly out, F7 (Line Drive, 7, EV 107.5 MPH)
Bottom of the 2nd over - 1 run, 1 hit, 0 errors, 0 left on base; St. Louis 9 - Chicago 1
TOP OF THE 3RD
St. Louis Cardinals batting - Pitching for Chicago Cubs : RHP Gabe Wagner
Batting: RHB Rick O'Reilly 0-0: Swinging Strike
0-1: Ball
1-1: Foul Ball, location: 2F
1-2: Foul Ball, location: 2F
1-2: Foul Ball, location: 2F
1-2: Ball
2-2: Foul Ball, location: 2F
2-2: Strikes out swinging
Batting: RHB Dustin Clark 0-0: Ball
1-0: Called Strike
1-1: Foul Ball, location: 2F
1-2: Ball
2-2: Strikes out swinging
Batting: LHB Tommy Luce 0-0: Called Strike
0-1: Swinging Strike
0-2: Ball
1-2: Strikes out swinging
Top of the 3rd over - 0 runs, 0 hits, 0 errors, 0 left on base; St. Louis 9 - Chicago 1
BOTTOM OF THE 3RD
Chicago Cubs batting - Pitching for St. Louis Cardinals : LHP Nick Martin
Batting: RHB Elijah Campbell 0-0: Called Strike
0-1: Fly out, F3 (Popup, 3SF, EV 85.6 MPH)
Batting: RHB Andy Wasierski 0-0: Called Strike
0-1: Foul Ball, location: 2F
0-2: Strikes out looking
Batting: RHB Yasuhide Kasahara 0-0: Swinging Strike
0-1: Ball
1-1: Ground out 6-3 (Groundball, 6, EV 86.9 MPH)
Bottom of the 3rd over - 0 runs, 0 hits, 0 errors, 0 left on base; St. Louis 9 - Chicago 1
TOP OF THE 4TH
St. Louis Cardinals batting - Pitching for Chicago Cubs : RHP Gabe Wagner
Batting: RHB Tenshou Takita 0-0: Ball
1-0: Swinging Strike
1-1: Ball
2-1: Ground out 6-3 (Groundball, 6, EV 103.1 MPH)
Batting: SHB Antoine Roux 0-0: Called Strike
0-1: Ball
1-1: Ball
2-1: Ball
3-1: Base on Balls
Batting: LHB Alex Vargas 0-0: 2-RUN HOME RUN (Flyball, 7LD, EV 100.6 MPH), Distance : 382 ft
Batting: LHB John Blair 0-0: Called Strike
0-1: Ball
1-1: Ball
2-1: Foul Ball, location: 2F
2-2: Strikes out swinging
Pitching: RHP Yeong-kil Suck
Batting: LHB Ben Rubenacker 0-0: Called Strike
0-1: Swinging Strike
0-2: Ball
1-2: Ball
2-2: Foul Ball, location: 2F
2-2: Ball
3-2: Base on Balls
Batting: RHB Branden Cavalcante 0-0: Called Strike
0-1: SINGLE (Line Drive, 9S, EV 102.5 MPH)
Ben Rubenacker to second
Batting: RHB Rick O'Reilly 0-0: Swinging Strike
0-1: Foul Ball, location: 2F
0-2: SINGLE (Groundball, 6S, EV 69.4 MPH) (infield hit)
Ben Rubenacker to third
Branden Cavalcante to second
Batting: RHB Dustin Clark 0-0: Foul Ball, location: 2F
0-1: Ball
1-1: Foul Ball, location: 2F
1-2: Foul Ball, location: 2F
1-2: Ball
2-2: Foul Ball, location: 2F
2-2: Strikes out swinging
Top of the 4th over - 2 runs, 3 hits, 0 errors, 3 left on base; St. Louis 11 - Chicago 1
BOTTOM OF THE 4TH
Chicago Cubs batting - Pitching for St. Louis Cardinals : LHP Nick Martin
Batting: LHB Kevin Norton 0-0: Ball
1-0: Ball
2-0: Foul Ball, location: 2F
2-1: Foul Ball, location: 2F
2-2: Foul Ball, location: 2F
2-2: Fly out, F8 (Flyball, 8LXD, EV 108.1 MPH)
Batting: RHB Efrain Vargas 0-0: Fly out, F9 (Line Drive, 9, EV 90.6 MPH)
Batting: SHB Terry Tuckfard 0-0: Ball
1-0: SINGLE (Line Drive, 89S, EV 110.6 MPH)
Batting: RHB Josh Kalman 0-0: Foul Ball, location: 2F
0-1: Foul Ball, location: 2F
0-2: Ball
Terry Tuckfard steals 2nd base (no throw)
1-2: Foul Ball, location: 2F
1-2: Foul Ball, location: 2F
1-2: DOUBLE (Line Drive, 5D, EV 100.0 MPH)
Terry Tuckfard scores
Batting: RHB Kaeo Zirpoli 0-0: Ball
1-0: Ball
2-0: Ball
3-0: Called Strike
3-1: Base on Balls
Batting: RHB Will Leslie 0-0: Ball
1-0: Called Strike
1-1: Fly out, F8 (Flyball, 8LXD, EV 83.1 MPH)
Bottom of the 4th over - 1 run, 2 hits, 0 errors, 2 left on base; St. Louis 11 - Chicago 2
TOP OF THE 5TH
St. Louis Cardinals batting - Pitching for Chicago Cubs : RHP Yeong-kil Suck
Batting: LHB Tommy Luce 0-0: Ball
1-0: SOLO HOME RUN (Flyball, 89XD, EV 105.6 MPH), Distance : 389 ft
Batting: RHB Tenshou Takita 0-0: Swinging Strike
0-1: Ball
1-1: Foul Ball, location: 2F
1-2: Strikes out swinging
Batting: SHB Antoine Roux 0-0: Called Strike
0-1: Foul Ball, location: 2F
0-2: Ball
1-2: Ball
2-2: Strikes out looking
Batting: LHB Alex Vargas 0-0: Ball
1-0: SOLO HOME RUN (Flyball, 9LD, EV 94.4 MPH), Distance : 371 ft
Batting: LHB John Blair 0-0: Ball
1-0: Swinging Strike
1-1: Ball
2-1: Foul Ball, location: 2F
2-2: SINGLE (Line Drive, 9S, EV 105.0 MPH)
Batting: LHB Ben Rubenacker 0-0: Ground out U3 (Groundball, 3L, EV 84.4 MPH)
Top of the 5th over - 2 runs, 3 hits, 0 errors, 1 left on base; St. Louis 13 - Chicago 2
BOTTOM OF THE 5TH
Chicago Cubs batting - Pitching for St. Louis Cardinals : LHP Nick Martin
Batting: RHB Elijah Campbell 0-0: Ball
1-0: Ball
2-0: Called Strike
2-1: Ball
3-1: Base on Balls
Batting: RHB Andy Wasierski 0-0: Ball
1-0: Called Strike
1-1: Fielders Choice at 2nd, 4-6 (Groundball, 4, EV 86.9 MPH)
Batting: RHB Yasuhide Kasahara 0-0: Ball
1-0: Ball
2-0: Ball
3-0: Base on Balls
Andy Wasierski to second
Batting: LHB Kevin Norton 0-0: Ball
1-0: Swinging Strike
1-1: Ball
2-1: Foul Ball, location: 2F
2-2: Ball
3-2: Strikes out swinging
Batting: RHB Efrain Vargas 0-0: Called Strike
0-1: Ball
1-1: Called Strike
1-2: Ground out 5-3 (Groundball, 56S, EV 82.5 MPH)
Bottom of the 5th over - 0 runs, 0 hits, 0 errors, 2 left on base; St. Louis 13 - Chicago 2
TOP OF THE 6TH
St. Louis Cardinals batting - Pitching for Chicago Cubs : RHP Yeong-kil Suck
Batting: RHB Branden Cavalcante 0-0: Swinging Strike
0-1: Foul Ball, location: 2F
0-2: Foul Ball, location: 2F
0-2: Ground out 5-3 (Groundball, 56S, EV 88.1 MPH)
Batting: RHB Rick O'Reilly 0-0: Ball
1-0: Called Strike
1-1: Ball
2-1: Called Strike
2-2: Ball
3-2: Foul Ball, location: 2F
3-2: Base on Balls
Pitching: RHP Bryant Bradley
Batting: RHB Dustin Clark 0-0: Ball
1-0: Called Strike
1-1: Ball
2-1: Fly out, F8 (Flyball, 8LD, EV 93.1 MPH)
Batting: LHB Tommy Luce 0-0: Ball
1-0: Swinging Strike
1-1: Ball
2-1: Ball
3-1: Fly out, F8 (Flyball, 8RS, EV 78.8 MPH)
Top of the 6th over - 0 runs, 0 hits, 0 errors, 1 left on base; St. Louis 13 - Chicago 2
BOTTOM OF THE 6TH
Chicago Cubs batting - Pitching for St. Louis Cardinals : LHP Nick Martin
Pitching: RHP Doug Nickey
Batting: SHB Terry Tuckfard 0-0: Ball
1-0: SOLO HOME RUN (Flyball, 78XD, EV 98.8 MPH), Distance : 370 ft
Batting: RHB Josh Kalman 0-0: Ball
1-0: Ball
2-0: Foul Ball, location: 2F
2-1: Called Strike
2-2: Ball
3-2: DOUBLE (Flyball, 8RXD, EV 106.3 MPH)
Batting: RHB Kaeo Zirpoli 0-0: Ball
1-0: Fly out, F4 (Flyball, 3D, EV 80.0 MPH)
Batting: RHB Will Leslie 0-0: Called Strike
0-1: Ball
1-1: Ball
2-1: Ball
3-1: Base on Balls
Batting: RHB Elijah Campbell 0-0: Called Strike
0-1: SINGLE (Flyball, 78S, EV 100.0 MPH)
Josh Kalman to third
Will Leslie to second
Runner from 3rd tries for Home, throw by LF and OUT! 7-2
Batting: RHB Andy Wasierski 0-0: Foul Ball, location: 2F
0-1: Reached on error, E1 (Line Drive, P, EV 69.4 MPH)
Will Leslie to third
Elijah Campbell to second
Batting: RHB Yasuhide Kasahara 0-0: SINGLE (Groundball, 34D, EV 100.6 MPH)
Will Leslie scores
Elijah Campbell to third
Andy Wasierski to second
Runner from 3rd tries for Home, SAFE, throw by RF to home
Batting: LHB Kevin Norton 0-0: Ball
1-0: Ball
2-0: Foul Ball, location: 2F
2-1: Ball
3-1: Base on Balls
Andy Wasierski to third
Yasuhide Kasahara to second
Batting: RHB Efrain Vargas 0-0: Ball
1-0: Fly out, F9 (Flyball, 9LM, EV 96.9 MPH)
Bottom of the 6th over - 3 runs, 4 hits, 1 error, 3 left on base; St. Louis 13 - Chicago 5
TOP OF THE 7TH
St. Louis Cardinals batting - Pitching for Chicago Cubs : RHP Bryant Bradley
Batting: RHB Tenshou Takita 0-0: Called Strike
0-1: Fly out, F4 (Popup, 34S, EV 83.1 MPH)
Batting: SHB Antoine Roux 0-0: Called Strike
0-1: Ball
1-1: Ball
2-1: Ground out 4-3 (Groundball, 4S, EV 86.3 MPH)
Batting: LHB Alex Vargas 0-0: Ball
1-0: Called Strike
1-1: Fly out, F5 (Line Drive, 5, EV 66.9 MPH)
Top of the 7th over - 0 runs, 0 hits, 0 errors, 0 left on base; St. Louis 13 - Chicago 5
BOTTOM OF THE 7TH
Chicago Cubs batting - Pitching for St. Louis Cardinals : RHP Doug Nickey
Batting: SHB Terry Tuckfard 0-0: Ball
1-0: Ball
2-0: SINGLE (Flyball, 8LS, EV 88.8 MPH)
Pitching: RHP Andy Montelongo
Batting: RHB Josh Kalman 0-0: Called Strike
0-1: Foul Ball, location: 2F
0-2: Ball
1-2: SINGLE (Line Drive, 3D, EV 106.3 MPH)
Terry Tuckfard to second
Batting: RHB Kaeo Zirpoli 0-0: Ball
1-0: Grounds into double play, 6-4-3 (Groundball, 6, EV 106.9 MPH)
Terry Tuckfard to third
Batting: RHB Will Leslie 0-0: Ball
1-0: Ball
2-0: Foul Ball, location: 2F
2-1: Ball
3-1: Foul Ball, location: 2F
3-2: Strikes out swinging
Bottom of the 7th over - 0 runs, 2 hits, 0 errors, 1 left on base; St. Louis 13 - Chicago 5
TOP OF THE 8TH
St. Louis Cardinals batting - Pitching for Chicago Cubs : RHP Bryant Bradley
Batting: LHB John Blair 0-0: Ball
1-0: Called Strike
1-1: Ball
2-1: Ball
3-1: Called Strike
3-2: SOLO HOME RUN (Flyball, 9LD, EV 96.3 MPH), Distance : 375 ft
Batting: LHB Ben Rubenacker 0-0: Ball
1-0: Swinging Strike
1-1: Foul Ball, location: 2F
1-2: Fly out, F8 (Flyball, 8LD, EV 108.8 MPH)
Batting: RHB Branden Cavalcante 0-0: Called Strike
0-1: Ground out 5-3 (Groundball, 56S, EV 73.8 MPH)
Batting: RHB Rick O'Reilly 0-0: Called Strike
0-1: Ball
1-1: Foul Ball, location: 2F
1-2: Fly out, F9 (Flyball, 9LM, EV 83.8 MPH)
Top of the 8th over - 1 run, 1 hit, 0 errors, 0 left on base; St. Louis 14 - Chicago 5
BOTTOM OF THE 8TH
Chicago Cubs batting - Pitching for St. Louis Cardinals : RHP Andy Montelongo
Batting: RHB Elijah Campbell 0-0: Ball
1-0: Ball
2-0: Called Strike
2-1: Foul Ball, location: 2F
2-2: Strikes out looking
Pinch Hitting: SHB Art Kent 0-0: Ball
1-0: Ball
2-0: Foul Ball, location: 2F
2-1: Swinging Strike
2-2: Strikes out looking
Batting: RHB Yasuhide Kasahara 0-0: Called Strike
0-1: Ball
1-1: SINGLE (Line Drive, 89S, EV 93.8 MPH)
Batting: LHB Kevin Norton 0-0: Foul Ball, location: 2F
0-1: Ball
1-1: Ball
2-1: Ground out 4-3 (Groundball, 4, EV 78.8 MPH)
Bottom of the 8th over - 0 runs, 1 hit, 0 errors, 1 left on base; St. Louis 14 - Chicago 5
TOP OF THE 9TH
St. Louis Cardinals batting - Pitching for Chicago Cubs : RHP Bryant Bradley
Now at 2B: Jamie Ogilvie
Batting: RHB Dustin Clark 0-0: Ground out 6-3 (Groundball, 56, EV 92.5 MPH)
Batting: LHB Tommy Luce 0-0: Foul Ball, location: 2F
0-1: Fly out, F8 (Line Drive, 8RD, EV 93.8 MPH)
Batting: RHB Tenshou Takita 0-0: Ball
1-0: Ball
2-0: Foul Ball, location: 2F
2-1: Ball
3-1: Fly out, F8 (Line Drive, 8RM, EV 97.5 MPH)
Top of the 9th over - 0 runs, 0 hits, 0 errors, 0 left on base; St. Louis 14 - Chicago 5
BOTTOM OF THE 9TH
Chicago Cubs batting - Pitching for St. Louis Cardinals : RHP Andy Montelongo
Pitching: RHP Brian Sanderson
Batting: RHB Efrain Vargas 0-0: Ball
1-0: Ball
2-0: Foul Ball, location: 2F
2-1: Foul Ball, location: 2F
2-2: Ball
3-2: Foul Ball, location: 2F
3-2: Base on Balls
Batting: SHB Terry Tuckfard 0-0: Ball
1-0: Ball
2-0: Fielders Choice at 2nd, 3-6 (Groundball, 34, EV 106.9 MPH)
Batting: RHB Josh Kalman 0-0: Foul Ball, location: 2F
0-1: 2-RUN HOME RUN (Flyball, 9D, EV 95.6 MPH), Distance : 381 ft
Batting: RHB Kaeo Zirpoli 0-0: Ball
1-0: Ball
2-0: Ball
3-0: Called Strike
3-1: Base on Balls
Batting: RHB Will Leslie 0-0: Ball
1-0: Ball
2-0: Ball
3-0: Called Strike
3-1: Swinging Strike
3-2: Strikes out swinging
Batting: RHB Elijah Campbell 0-0: Foul Ball, location: 2F
0-1: Swinging Strike
0-2: Strikes out swinging
Bottom of the 9th over - 2 runs, 1 hit, 0 errors, 1 left on base; St. Louis 14 - Chicago 7
Thursday, March 31st , 2022 - OOTP Baseball 22.12 Build 89